 Dungeon Crawl Stone Soup version 0.29-a0-187-ga23d9638d5 (webtiles) character file.

Game seed: 1004183951561252161

99 pokeman the Magician (level 4, -10/25 HPs)
             Began as a Deep Elf Hedge Wizard on Feb 21, 2022.
             Mangled by an ogre (26 damage)
             ... on level 5 of the Dungeon.
             The game lasted 00:05:26 (2864 turns).

pokeman the Magician (Deep Elf Hedge Wizard)        Turns: 2864, Time: 00:05:26

Health: -10/25     AC:  3    Str:  7    XL:     4   Next: 45%
Magic:  5/13       EV: 12    Int: 21    God:
Gold:   125        SH:  0    Dex: 14    Spells: 3/14 levels left

rFire   . . .      SeeInvis .   q - +0 short sword (drain)
rCold   . . .      Faith    .   (no shield)
rNeg    . . .      Spirit   .   n - +0 leather armour
rPois   .          Reflect  .   c - +0 hat
rElec   .          Harm     .   (no cloak)
rCorr   .          Rampage  .   (no gloves)
Will    .....                   (no boots)
Stlth   ++........              (no amulet)
HPRegen 0.08/turn               (no ring)
MPRegen 0.13/turn               (no ring)

@: very slightly contaminated
A: no striking features
a: no special abilities


You were on level 5 of the Dungeon.
You visited 1 branch of the dungeon, and saw 5 of its levels.

You collected 125 gold pieces.

Inventory:

Hand Weapons
 q - a +0 short sword of draining (weapon)
Armour
 c - a +0 hat (worn)
 n - a +0 leather armour (worn)
Jewellery
 f - a ring of ice
 o - an amulet of faith
Wands
 s - a wand of acid (14)
Scrolls
 b - a scroll of brand weapon {unknown}
 d - 2 scrolls of identify {unknown}
 e - a scroll of fog {unknown}
 g - a scroll of vulnerability {unknown}
 j - 2 scrolls of magic mapping {unknown}
 k - a scroll of summoning {unknown}
 m - a scroll of enchant armour {unknown}
 r - a scroll of holy word {unknown}
Potions
 a - 2 potions of heal wounds {unknown}
 h - a potion of mutation {unknown}
 i - a potion of degeneration {unknown}
 l - a potion of berserk rage {unknown}
 p - a potion of brilliance {unknown}


   Skills:
 - Level 1.0 Fighting
 - Level 1.0 Armour
 + Level 2.8 Dodging
 + Level 2.8 Stealth
 * Level 5.7 Spellcasting
 + Level 2.2 Conjurations
 - Level 1.1 Summonings
 - Level 1.1 Translocations


You had 3 spell levels left.
You knew the following spells:

 Your Spells              Type           Power      Damage    Failure   Level
a - Magic Dart            Conj           60%        1d6       6%          1
b - Mephitic Cloud        Conj/Pois/Air  9%         N/A       32%         3
c - Call Imp              Summ           10%        N/A       14%         2
d - Blink                 Tloc           20%        N/A       14%         2
e - Conjure Flame         Conj/Fire      10%        6-21      28%         3

Your spell library contained the following spells:

 Spells                   Type           Power      Damage    Failure   Level
 Searing Ray              Conj           30%        2d5       9%          2
 Slow                     Hex            20%        N/A       14%         1
 Fulminant Prism          Conj/Hex       5%         3d7       67%         4


Dungeon Overview and Level Annotations

Branches:
Dungeon (6/15)
 Temple: D:4-7

Altars:
Dithmenos


Message History

s - a wand of acid (14)
Found 5 poisoned darts.
An ogre comes into view. It is wielding a +0 giant spiked club.
Found a book of Cantrips.
Casting: Magic Dart (safe; 6% risk of failure)
Confirm with . or Enter, or press ? or * to list all spells.
The spell is extremely dangerous to miscast (28% risk of failure)!
Continue anyway?
You miscast Conjure Flame.
You are very lightly contaminated with residual magic.
You are blasted with magical energy!
Casting: Conjure Flame (extremely dangerous; 28% risk of failure)
Confirm with . or Enter, or press ? or * to list all spells.
The spell is extremely dangerous to miscast (28% risk of failure)!
Continue anyway?
The fire begins to smoulder!
The fire ignites!
What are your orders? t - Shout!
Orders for allies: a - Attack new target. r - Retreat! s - Stop attacking. g - Guard the area. f - Follow me.
Anything else - Cancel.
You shout for attention!
You hear a shout!
Casting: Conjure Flame (extremely dangerous; 28% risk of failure)
Confirm with . or Enter, or press ? or * to list all spells.
The spell is extremely dangerous to miscast (32% risk of failure)!
Continue anyway?
Aiming: Mephitic Cloud (extremely dangerous; 32% risk of failure)
Press: ? - help, Shift-Dir - straight line, f - ogre
Aim: an ogre, wielding a +0 giant spiked club (chance to affect: 77%)
The ball explodes into a vile cloud!
The stinking cloud engulfs the ogre but does no damage.
The ogre is engulfed in noxious fumes.
The ogre appears confused.
Unknown command.
Unknown command.
Unknown command.
The ogre is engulfed in noxious fumes.
The ogre is engulfed in noxious fumes.
The ogre appears confused.
You hit the ogre but do no damage.
The ogre is engulfed in blazing flames.
The ogre hits you with a +0 giant spiked club!!
Ouch! That really hurt!
You die...

...:..# .....#
..... ...# ..#
##.# #..#
..#####○#####.##
.......@O.......
..#####.###...##
#.###.###
##.#..(# #....#
#.#.## #.#.#####
#........
#####...#####


You could see an ogre (confused).

Vanquished Creatures
  Terence (D:2)
  3 adders (D:2)
  A worm (D:2)
  3 dart slugs
  4 ball pythons
  3 endoplasms
  A giant cockroach (D:1)
  3 goblins (D:2)
  3 hobgoblins
  2 jackals (D:2)
  2 kobolds
  2 quokkas (D:2)
  4 bats
  A frilled lizard (D:1)
  4 rats
37 creatures vanquished.

Notes
Turn   | Place    | Note
-------+----------+-------------------------------------------
     0 | D:1      | pokeman the Deep Elf Hedge Wizard began the quest for the
                  | Orb.
     0 | D:1      | Reached XP level 1. HP: 10/10 MP: 7/7
   397 | D:1      | Reached XP level 2. HP: 14/15 MP: 1/9
   667 | D:1      | Found a faded altar of an unknown god.
  1117 | D:2      | Reached skill level 5 in Spellcasting
  1122 | D:2      | Reached XP level 3. HP: 20/20 MP: 6/11
  1126 | D:2      | Learned a level 3 spell: Mephitic Cloud
  1129 | D:2      | Learned a level 2 spell: Call Imp
  1132 | D:2      | Learned a level 2 spell: Blink
  1136 | D:2      | Learned a level 3 spell: Conjure Flame
  1419 | D:2      | Reached skill level 1 in Fighting
  1501 | D:2      | Reached skill level 1 in Armour
  1547 | D:2      | Noticed Terence
  1587 | D:2      | Killed Terence
  1588 | D:2      | Reached XP level 4. HP: 25/25 MP: 2/13
  1753 | D:2      | Found a shadowy altar of Dithmenos.
  2827 | D:3      | You fall into a shaft and drop 3 floors!
  2837 | D:5      | Entered Level 5 of the Dungeon
  2851 | D:5      | Noticed an ogre
  2864 | D:5      | Mangled by an ogre

Illustrated notes

Levels and vault maps discovered:
D:1:      minmay_arrival_plants_in_alcoves, layout_loops_ring,
          nicolae_ecumenical_snake_handling, grunt_decor_junction,
          corner_web_ring, minmay_tromino_v4_b
D:2:      layout_basic, basic_altar, minmay_misc_feat_five, uniq_terence
D:3:      layout_loops_corners, minmay_snake_closets, uniq_crazy_yiuf_cottage
D:5:      layout_rooms, hangedman_feature_mirror
D:6:      layout_layer_cave

Skill      XL: |  1  2  3 |
---------------+----------+-----
Spellcasting   | 5 |  5.7
Fighting       | 1 |  1.0
Armour         | 1 |  1.0
Conjurations   | 2 |  2.2
Dodging        | |  2.8
Stealth        | |  2.8
Summonings     | |  1.1
Translocations | |  1.1

Action                   |  1- 3 |  4- 6 || total
-------------------------+-------+-------++-------
Melee: Dagger            |    11 |     5 ||    16
       Short sword       |       |     1 ||     1
 Cast: Magic Dart        |    58 |    29 ||    87
       Mephitic Cloud    |     2 |     2 ||     4
       Conjure Flame     |     2 |     1 ||     3
Armor: Robe              |     1 |       ||     1
       Leather armour    |       |     2 ||     2
Dodge: Dodged            |     6 |     3 ||     9

Table legend: (Time is in decaauts)
 A = Elapsed time spent in this place.
 B = Non-inter-level travel time spent in this place.
 C = Inter-level travel time spent in this place.
 D = Time resting spent in this place.
 E = Time spent auto-exploring this place.
 F = Levels seen in this place.
 G = Mean time per level.
                   A        B        C        D        E       F      G
               +--------+--------+--------+--------+--------+-----+--------+
         Total |   2862 |   2806 |     56 |    262 |   2237 |   5 |  572.4 |
       Dungeon |   2862 |   2806 |     56 |    262 |   2237 |   5 |  572.4 |
               +--------+--------+--------+--------+--------+-----+--------+

Top non-repeatable levels by time:
     D:2: 1540 daAuts
     D:1: 1045 daAuts
     D:3: 239 daAuts
     D:5: 26 daAuts
     D:6: 9 daAuts
